AoeStats
← William T. Piker

MegaRandom

510240500Analyzed
2v2 RM · 18h ago on Sep 30, 2026· 26m 25s· 4 players
Game mode
Random Map
Map size
Medium (4 player)
Population
200
Speed
Normal
Resources
Standard
Victory
Conquest
Starting age
Dark Age
Ending age
Imperial Age
RankedLock teamsTeams togetherTeam positionsShared explorationLock speedFull tech treeHidden civsTurbo modeCheats
Victory
Defeat
🇨🇴 Romans · Colombia
1261
+16
🇨🇴 Varangians · Colombia
1226
+18
🇺🇸 Franks · United States
1266
-17
🇺🇸 Cumans · United States
1266
-17
3DIQ | AlxSanmiguel
3:26 Loom
6:31 Loom
9:49 Feudal Age
11:09 Double-Bit Axe
12:51 Bloodlines
14:02 Horse Collar
15:10 Forging
18:55 Scale Barding Armor
19:07 Gold Mining
22:24 Castle Age
21:56 Stone Mining
23:21 Husbandry
23:45 Chain Barding Armor
26:55 Heavy Plow
3DIQ | ElChan108
6:23 Loom
9:06 Feudal Age
9:15 Man-at-Arms
10:54 Scale Mail Armor
14:36 Forging
22:41 Castle Age
22:52 Horse Collar
22:58 Double-Bit Axe
23:14 Gold Mining
24:22 Chain Mail Armor
23:49 Long Swordsman
24:55 Squires
25:32 Iron Casting
26:28 Gold Shaft Mining
William T. Piker
9:49 Loom
12:06 Feudal Age
20:15 Castle Age
19:00 Fletching
Jean-Luc Petard
3:36 Loom
12:45 Feudal Age
22:43 Scale Barding Armor
23:49 Forging
Connection lost

Rejoining the realm…

Still unreachable

The connection could not be restored.

Session expired

The server has moved on; the page needs a fresh start.